 Dungeon Crawl Stone Soup version 0.28.0 (webtiles) character file.

Game seed: 16302742979195891857

62234 Jerry the Slicer (level 14, -14/137 HPs)
             Began as a Troll Hunter on Feb 9, 2022.
             Was an Initiate of Gozag.
             Demolished by an acid blob (31 damage)
             ... on level 6 of the Lair of Beasts.
             The game lasted 01:33:11 (19330 turns).

Jerry the Slicer (Troll Hunter)                    Turns: 19330, Time: 01:33:11

Health: -14/137    AC:  3    Str: 23    XL:     14   Next: 63%
Magic:  0/11       EV: 11    Int:  9    God:    Gozag
Gold:   1479       SH:  0    Dex: 14    Spells: 13/13 levels left

rFire   + + +      SeeInvis .   b - +7 pair of quick blades "Gyre" and "Gimble" {protect}
rCold   + + .      Faith    .   (shield currently unavailable)
rNeg    . . .      Spirit   +   z - +2 fire dragon scales
rPois   +          Reflect  .   m - +0 hat of the Pleiades {rPois}
rElec   .          Harm     .   x - scarf {rC+ rF+}
rCorr   .          Rampage  .   (gloves unavailable)
Will    +....                   (boots unavailable)
Stlth   +.........              Z - amulet of guardian spirit
HPRegen 1.12/turn               p - ring of protection from cold
MPRegen 0.12/turn               R - ring "Fouhaxac" {rC+ Dex+2}

@: corroded
A: large, unfitting armour, claws 3, regeneration 1, shaggy fur 1, tough skin 1,
low MP 1
a: Renounce Religion, Potion Petition, Call Merchant, Bribe Branch


You were on level 6 of the Lair of Beasts.
You worshipped Gozag.
Gozag was most pleased with you.
You visited 6 branches of the dungeon, and saw 21 of its levels.
You also visited: Gauntlet.

You collected 6137 gold pieces.
You spent 2547 gold pieces at shops.
You paid 2111 gold pieces to Gozag.

Inventory:

Hand Weapons
 b - the +7 pair of quick blades "Gyre" and "Gimble" (weapon) {protect}
   (You found it on level 4 of the Dungeon)

   It grants its wielder temporary protection when it strikes (+7 to AC).
Missiles
 d - 3 throwing nets
 E - 2 large rocks (quivered)
Armour
 a - a scarf of shadows
 m - the +0 hat of the Pleiades (worn) {rPois}
   (You acquired it on level 4 of the Dungeon)

   rPois:     It protects you from poison.
 x - a scarf of resistance (worn)
 z - +2 fire dragon scales (worn)
Jewellery
 p - a ring of protection from cold (left claw)
 s - the ring of Fiziq {Fly Str+3}
   (You found it in a Gauntlet)

   [ring of flight]

   Str:       It affects your strength (+3).
   Fly:       It grants you flight.
 R - the ring "Fouhaxac" (right claw) {rC+ Dex+2}
   (You found it in a Gauntlet)

   [ring of protection from cold]

   Dex:       It affects your dexterity (+2).
   rC:        It protects you from cold.
 Z - an amulet of guardian spirit (around neck)
Wands
 k - a wand of iceblast (9)
 u - a wand of paralysis (4)
 y - a wand of digging (4)
 C - a wand of mindburst (12)
 G - a wand of flame (14)
 J - a wand of acid (3)
Scrolls
 f - 6 scrolls of identify
 i - 5 scrolls of teleportation
 o - a scroll of acquirement
 r - 2 scrolls of torment
 v - a scroll of blinking
 w - a scroll of summoning
 F - a scroll of amnesia
 H - 2 scrolls of noise
 I - a scroll of vulnerability
 O - a scroll of fear
 W - a scroll of enchant armour
 X - a scroll of enchant weapon
Potions
 e - a potion of lignification
 g - 3 potions of attraction
 h - 16 potions of curing
 j - a potion of magic
 l - 3 potions of flight
 q - 5 potions of brilliance
 t - a potion of cancellation
 A - 12 potions of ambrosia
 K - a potion of resistance
 N - 3 potions of haste
 V - a potion of mutation
Miscellaneous
 c - a piece from Xom's chessboard (15/15)
 T - a box of beasts
 U - a tin of tremorstones (2/2)


   Skills:
 - Level 8.4 Fighting
 - Level 11.4 Short Blades
 - Level 10.0 Throwing
 + Level 10.5 Armour
 + Level 9.5 Dodging
 - Level 4.0 Stealth
 - Level 3.0 Unarmed Combat


You had 13 spell levels left.
You didn't know any spells.
Your spell library contained the following spells:

 Spells                   Type           Power      Damage    Failure   Level
 Animate Skeleton         Necr           0%         N/A       69%         1
 Apportation              Tloc           0%         N/A       69%         1
 Foxfire                  Conj/Fire      0%         2x1d4     69%         1
 Pain                     Necr           0%         1d4       69%         1
 Summon Small Mammal      Summ           0%         N/A       69%         1
 Confusing Touch          Hex            0%         N/A       96%         3
 Conjure Flame            Conj/Fire      0%         6-21      96%         3
 Inner Flame              Hex/Fire       0%         N/A       96%         3
 Portal Projectile        Hex/Tloc       0%         N/A       96%         3
 Tukima's Dance           Hex            0%         N/A       96%         3
 Anguish                  Hex/Necr       0%         N/A       100%        4
 Animate Dead             Necr           0%         N/A       100%        4
 Flame Wave               Conj/Fire      0%         2d4       100%        4
 Agony                    Necr           0%         N/A       100%        5
 Alistair's Intoxication  Tmut/Pois      0%         N/A       100%        5
 Excruciating Wounds      Necr           0%         N/A       100%        5
 Silence                  Hex/Air        0%         N/A       100%        5
 Enfeeble                 Hex            0%         N/A       100%        7
 Haunt                    Necr/Summ      0%         N/A       100%        7
 Infestation              Necr           0%         N/A       100%        8


Dungeon Overview and Level Annotations

Branches:
Dungeon (11/15)            Temple (1/1) D:6            Lair (6/6) D:10
 Shoals (0/4) Lair:3        Snake (1/4) Lair:4        Slime (1/5) Lair:6
    Orc (1/2) D:11        Gauntlet (visited)

Altars:
Ashenzari
Cheibriados
Dithmenos
Elyvilon
Fedhas
Gozag
Hepliaklqana
Kikubaaqudgha
Makhleb
Nemelex Xobeh
Okawaru
Qazlal
Ru
Sif Muna
Trog
Uskayaw
Vehumet
Wu Jian
Xom
Yredelemnul
Zin
The Shining One

Shops:
D:7 [   D:10 (   D:11 [   Lair:1 [   Lair:2 [   Lair:6 *   Snake:1 [

Annotations:
Lair:4 exclusion: 2 oklob plants
Lair:6 exclusion: oklob plant
Snake:1 Aizul


Innate Abilities, Weirdness & Mutations

You are too large for most types of armour.
You have claws for hands.
Your natural rate of healing is unusually fast.
You are covered in fur. (AC +1)
You have tough skin. (AC +1)
Your magical capacity is low. (-10% MP)


Message History

You climb downwards.
Welcome back to the Pits of Slime!
This branch is unnaturally silent, and so sound travels much further.
This branch contains the slimy rune of Zot.
The acid blob spits acid at you. The splash of acid hits you!
There is a staircase back to the Lair here.
The acid blob spits acid at you. The splash of acid misses you.
You hit the acid blob.
Your weapon exudes an aura of protection.
Your claws burn!
You hit the acid blob but do no damage. The acid corrodes you!
Your claws burn!
You hit the acid blob.
Your claws burn!
You hit the acid blob.
Your claws burn!
You hit the acid blob.
Your claws burn!
You puncture the acid blob!
Your claws burn!
The acid blob spits acid at you. The splash of acid hits you!
You puncture the acid blob!
Your claws burn!
You hit the acid blob.
Your claws burn!
You hit the acid blob.
Your claws burn!
You hit the acid blob.
Your claws burn!
The acid blob hits you! The acid corrodes you!
You are splashed with acid!
You hit the acid blob.
Your claws burn!
You hit the acid blob. The acid corrodes you!
Your claws burn!
You barely miss the acid blob. You hit the acid blob but do no damage.
Your claws burn!
Okay, then.
The acid blob spits acid at you. The splash of acid hits you!
There is a staircase back to the Lair here.
The acid blob barely misses you.
You climb upwards.
Welcome back to the Lair of Beasts!
Level annotation: exclusion: oklob plant
There is a staircase to the Slime Pits here.
The acid blob hits you!!
* * * LOW HITPOINT WARNING * * *
You are splashed with acid!
* * * LOW HITPOINT WARNING * * *
The acid blob hits you!!
You die...
Your body crumbles into a pile of gold.

.................##.###.##.#..#..
........................##.#.....
.................................
.............................#..#
.............................####
............................## ##
............................# #.
........)..................^## #.
................@............# #P
................J...........## #.
....................#.....#..# ##
....###..........>.......(..## #.
...###P..#.#...##..#≈.≈..≈..####.
.....P...####..##≈.P.≈...≈.....##
....................≈≈≈≈≈≈≈≈P....
...............≈≈≈..≈≈≈≈≈≈≈≈≈≈≈≈≈
.........#.≈...≈.≈≈≈≈≈≈≈≈#≈≈≈≈≈≈≈


You could see an acid blob.

Vanquished Creatures
  Gastronok (Lair:1)
  2 orc warlords (Orc:1)
  A minotaur (Gauntlet)
  Snorg (D:10)
  A fire dragon (shapeshifter) (Gauntlet)
  Fannar (Lair:2)
  An ice dragon (shapeshifter) (Gauntlet)
  Harold (Orc:1)
  A boulder beetle (D:11)
  A hydra (shapeshifter) (Gauntlet)
  8 hydras
  2 two-headed ogres
  Erica (D:8)
  Sonja (Lair:2)
  A goliath frog (Lair:6)
  A lindwurm (Lair:4)
  An orc sorcerer (Orc:1)
  A necromancer (D:11)
  3 orc knights (Orc:1)
  A deep elf pyromancer (D:11)
  A shining eye (Slime:1)
  A torpor snail (Lair:3)
  Joseph (D:7)
  5 black mambas
  19 cane toads
  A gargoyle (D:10)
  19 komodo dragons
  Maggie (D:10)
  A kobold demonologist (D:10)
  A rime drake (Lair:2)
  A queen bee (D:9)
  3 trolls
  3 tyrant leeches (Lair:6)
  3 polar bears
  2 dream sheep (Lair:3)
  Prince Ribbit (D:8)
  33 blink frogs
  Sigmund (D:4)
  Eustachio (D:5)
  A wraith (D:11)
  A wyvern (D:8)
  6 basilisks
  49 yaks
  11 vampire mosquitoes
  A steam dragon (Lair:2)
  2 wargs (Orc:1)
  An acid dragon (D:8)
  10 water moccasins
  A floating eye (Gauntlet)
  19 orc warriors
  3 black bears
  2 ice beasts
  A necrophage (D:4)
  An ogre (shapeshifter) (Gauntlet)
  11 centaurs
  19 wolves
  6 ogres
  2 phantoms
  15 bullfrogs
  Blork the orc (D:6)
  2 water moccasin zombies (D:5)
  2 scorpions (D:6)
  A wyvern skeleton (D:7)
  29 killer bees (D:9)
  2 electric eels
  A howler monkey (D:10)
  2 hounds
  2 jellies
  5 centaur zombies
  17 orc priests
  A centaur skeleton (D:5)
  9 iguanas
  13 orc wizards
  3 polar bear simulacra (D:11)
  A yak simulacrum (D:11)
  3 wolf simulacra (D:11)
  A hound skeleton (D:4)
  Robin (D:3)
  11 gnolls
  7 adders
  A shadow imp (D:6)
  A white imp (D:4)
  3 ufetubi
  An adder skeleton (D:4)
  A worm (D:2)
  A dart slug (D:3)
  57 orcs
  2 endoplasms
  3 giant cockroaches
  12 goblins
  4 hobgoblins
  6 kobolds
  3 quokkas
  7 ball pythons
  6 bats
  4 frilled lizards
  2 rats
  4 river rat simulacra (D:11)
523 creatures vanquished.

Vanquished Creatures (others)
  A bush (Lair:5)
  A butterfly (Lair:2)
  41 fungi
  101 plants
144 creatures vanquished.

Grand Total: 667 creatures vanquished

Notes
Turn   | Place    | Note
-------+----------+-------------------------------------------
     0 | D:1      | Jerry the Troll Hunter began the quest for the Orb.
     0 | D:1      | Reached XP level 1. HP: 19/19 MP: 0/0
   456 | D:1      | Reached XP level 2. HP: 28/28 MP: 1/1
   482 | D:1      | Found a faded altar of an unknown god.
   886 | D:2      | Reached XP level 3. HP: 35/35 MP: 2/2
  1566 | D:3      | Reached XP level 4. HP: 38/44 MP: 3/3
  1614 | D:3      | Noticed Robin
  1624 | D:3      | Killed Robin
  1683 | D:3      | Found a snail-covered altar of Cheibriados.
  1707 | D:3      | Reached skill level 1 in Unarmed Combat
  1714 | D:3      | You fall into a shaft and drop 1 floor!
  1888 | D:4      | Reached XP level 5. HP: 50/50 MP: 4/4
  1889 | D:4      | Noticed a black bear
  2087 | D:3      | Found an opulent altar of Gozag.
  2276 | D:4      | Noticed a +0 falchion
  2276 | D:4      | Noticed a +0 dagger
  2276 | D:4      | Noticed a +0 falchion
  2276 | D:4      | Noticed a +0 spear
  2276 | D:4      | Noticed a +0 short sword
  2276 | D:4      | Noticed a +0 short sword
  2276 | D:4      | Noticed a +0 spear
  2277 | D:4      | Noticed a +0 dagger
  2305 | D:4      | Killed a black bear
  2328 | D:4      | Identified a scroll of acquirement
  2328 | D:4      | Acquired the +0 hat of the Pleiades {rPois}
  2450 | D:4      | Noticed Sigmund
  2507 | D:4      | Noticed a necrophage
  2510 | D:4      | Killed a necrophage
  2511 | D:4      | Reached XP level 6. HP: 61/61 MP: 5/5
  2668 | D:4      | Killed Sigmund
  2669 | D:4      | Reached skill level 5 in Throwing
  2669 | D:4      | Reached XP level 7. HP: 63/67 MP: 6/6
  3000 | D:4      | Found a hide-covered altar of Uskayaw.
  3015 | D:4      | Found the +7 pair of quick blades "Gyre" and "Gimble"
                  | {protect}
  3067 | D:5      | Entered Level 5 of the Dungeon
  3188 | D:5      | Reached skill level 1 in Short Blades
  3531 | D:5      | Noticed Eustachio
  3539 | D:5      | Killed Eustachio
  3540 | D:5      | Reached XP level 8. HP: 78/78 MP: 7/7
  3640 | D:5      | Reached skill level 2 in Short Blades
  3683 | D:5      | Found a glowing silver altar of Zin.
  4338 | D:6      | Found a white marble altar of Elyvilon.
  4450 | D:6      | Noticed Blork the orc
  4470 | D:6      | Reached skill level 3 in Short Blades
  4474 | D:6      | Killed Blork the orc
  4475 | D:6      | Reached skill level 5 in Fighting
  4501 | D:6      | Found a staircase to the Ecumenical Temple.
  4513 | D:6      | Reached skill level 5 in Dodging
  4528 | Temple   | Entered the Ecumenical Temple
  4847 | D:3      | Became a worshipper of Gozag Ym Sagoz the Greedy
  5064 | D:6      | Found an ancient bone altar of Kikubaaqudgha.
  5228 | D:6      | Reached XP level 9. HP: 88/88 MP: 8/8
  5760 | D:7      | Noticed Joseph
  5786 | D:6      | Reached skill level 4 in Short Blades
  5843 | D:7      | Found a basalt altar of Yredelemnul.
  5906 | D:7      | Found Heczot's Antique Armour Emporium.
  5914 | D:7      | Bought a runed scarf for 216 gold pieces
  6029 | D:7      | Killed Joseph
  6223 | D:8      | Reached skill level 5 in Short Blades
  6254 | D:8      | Noticed Erica
  6342 | D:8      | Killed Erica
  6343 | D:8      | Reached skill level 6 in Short Blades
  6439 | D:8      | Reached XP level 10. HP: 94/96 MP: 9/9
  6508 | D:8      | Noticed Prince Ribbit
  6518 | D:8      | Killed Prince Ribbit
  6840 | D:8      | Found a shimmering blue altar of Sif Muna.
  7037 | D:9      | Reached skill level 7 in Short Blades
  7275 | D:9      | Found a sparkling altar of Nemelex Xobeh.
  7370 | D:9      | Reached skill level 1 in Stealth
  7526 | D:9      | Found an iron altar of Okawaru.
  7536 | D:9      | Noticed a two-headed ogre
  7560 | D:9      | Killed a two-headed ogre
  7924 | D:10     | Entered Level 10 of the Dungeon
  7959 | D:10     | Reached XP level 11. HP: 85/102 MP: 10/10
  8012 | D:10     | Found a staircase to the Lair.
  8041 | D:10     | Noticed Maggie
  8051 | D:10     | Killed Maggie
  8394 | D:10     | Noticed Snorg
  8409 | D:10     | Killed Snorg
  8410 | D:10     | Reached skill level 8 in Short Blades
  8594 | D:10     | Found Dapurgh's Weapon Boutique.
  8760 | D:10     | Noticed a six-headed hydra
  8764 | D:10     | Killed a six-headed hydra
  8807 | D:11     | Noticed a seven-headed hydra
  8929 | Lair:1   | Entered Level 1 of the Lair of Beasts
  9113 | Lair:1   | Noticed Gastronok
  9159 | Lair:1   | Killed Gastronok
  9341 | Lair:1   | Reached XP level 12. HP: 101/111 MP: 11/11
  9382 | Lair:1   | Reached skill level 10 in Throwing
  9913 | Lair:2   | Noticed Fannar
  9918 | Lair:2   | Reached skill level 9 in Short Blades
  9934 | Lair:2   | Killed Fannar
  9935 | Lair:2   | Reached skill level 1 in Armour
 10273 | Lair:2   | Found a gate leading to a gauntlet.
 10281 | Gauntlet | Entered a Gauntlet
 10281 | Gauntlet | Found a transporter.
 10281 | Gauntlet | Found a transporter.
 10292 | Gauntlet | Found a transporter.
 10295 | Gauntlet | Found a transporter.
 10299 | Gauntlet | Found a runed translucent door.
 10301 | Gauntlet | Found a runed translucent door.
 10303 | Gauntlet | Found a transporter.
 10306 | Gauntlet | Found a transporter.
 10318 | Gauntlet | Noticed a boulder beetle
 10318 | Gauntlet | a sea snake changed into a boulder beetle
 10321 | Gauntlet | Noticed a broodmother
 10321 | Gauntlet | a boulder beetle changed into a broodmother
 10322 | Gauntlet | Found a transporter.
 10327 | Gauntlet | Noticed a fire dragon
 10327 | Gauntlet | a broodmother changed into a fire dragon
 10329 | Gauntlet | Noticed a boulder beetle
 10329 | Gauntlet | a fire dragon changed into a boulder beetle
 10331 | Gauntlet | Noticed a great orb of eyes
 10331 | Gauntlet | a boulder beetle changed into a great orb of eyes
 10332 | Gauntlet | Noticed a blizzard demon
 10334 | Gauntlet | Found a transporter.
 10339 | Gauntlet | Found a transporter.
 10341 | Gauntlet | Noticed an ice dragon
 10342 | Gauntlet | Found a transporter.
 10344 | Gauntlet | Noticed a great orb of eyes
 10344 | Gauntlet | an ice dragon changed into a great orb of eyes
 10346 | Gauntlet | Noticed an alligator
 10346 | Gauntlet | a great orb of eyes changed into an alligator
 10352 | Gauntlet | Found a transporter.
 10355 | Gauntlet | Found a transporter.
 10439 | Gauntlet | Noticed an anaconda
 10439 | Gauntlet | a water nymph changed into an anaconda
 10486 | Gauntlet | Noticed a fire dragon
 10486 | Gauntlet | Noticed a great orb of eyes
 10486 | Gauntlet | Noticed a satyr
 10486 | Gauntlet | a great orb of eyes changed into a satyr
 10488 | Gauntlet | Identified the ring "Fouhaxac" {rC+ Dex+2}
 10488 | Gauntlet | Noticed a bunyip
 10488 | Gauntlet | a satyr changed into a bunyip
 10489 | Gauntlet | Noticed a jorogumo
 10489 | Gauntlet | a bunyip changed into a jorogumo
 10490 | Gauntlet | Noticed an anaconda
 10491 | Gauntlet | Noticed an ice dragon
 10491 | Gauntlet | an anaconda changed into an ice dragon
 10498 | Gauntlet | Noticed a radroach
 10498 | Gauntlet | a jorogumo changed into a radroach
 10513 | Gauntlet | Noticed an entropy weaver
 10513 | Gauntlet | a radroach changed into an entropy weaver
 10518 | Gauntlet | Killed a fire dragon
 10520 | Gauntlet | an entropy weaver changed into a tyrant leech
 10530 | Gauntlet | Noticed an ice dragon
 10530 | Gauntlet | a tyrant leech changed into an ice dragon
 10538 | Gauntlet | Noticed a six-headed hydra
 10538 | Gauntlet | an ice dragon changed into a six-headed hydra
 10548 | Gauntlet | Killed an ice dragon
 10551 | Gauntlet | Killed a six-headed hydra
 10623 | Gauntlet | Identified the ring of Fiziq {Fly Str+3}
 10627 | Gauntlet | Identified the +2 plate armour of Dice, Bag, and Bottle
                  | {rPois}
 10642 | Gauntlet | Identified the +5 arbalest "Ycwan" {venom, rN++ Str-4 Int+3
                  | Dex+2}
 10642 | Gauntlet | Noticed a minotaur
 10670 | Gauntlet | Killed a minotaur
 10671 | Gauntlet | Reached skill level 10 in Short Blades
 10685 | Gauntlet | Got the Volume of Execration
 10687 | Gauntlet | Identified the +2 pair of boots "Ziwidgh" {rElec Str+4
                  | Stlth+}
 10687 | Gauntlet | Identified the +1 leather armour "Ataul" {Str+5}
 11046 | Lair:2   | Noticed Sonja
 11062 | Lair:2   | Killed Sonja
 11274 | Lair:3   | Reached skill level 5 in Armour
 11588 | Lair:3   | Reached XP level 13. HP: 110/118 MP: 12/12
 11893 | Lair:3   | Found a staircase to the Shoals.
 12009 | Lair:3   | Found a sparkling altar of Nemelex Xobeh.
 12100 | Lair:3   | Reached skill level 11 in Short Blades
 12957 | Lair:4   | Found a staircase to the Snake Pit.
 13291 | Lair:4   | Found a blossoming altar of Fedhas.
 14701 | Lair:6   | Entered Level 6 of the Lair of Beasts
 15151 | Lair:6   | Found a staircase to the Slime Pits.
 15300 | Lair:6   | Reached XP level 14. HP: 130/133 MP: 13/13
 16238 | Snake:1  | Entered Level 1 of the Snake Pit
 16257 | Snake:1  | Found Miudu's Antique Armour Emporium.
 16282 | Snake:1  | Noticed Aizul
 16435 | D:11     | Found Wycuhat's Armour Shoppe.
 16435 | D:11     | Found a staircase to the Orcish Mines.
 16916 | Lair:6   | Bought runed fire dragon scales for 2331 gold pieces
 17094 | Orc:1    | Entered Level 1 of the Orcish Mines
 17669 | Orc:1    | Reached skill level 10 in Armour
 17859 | Orc:1    | Noticed an orc warlord
 18175 | Orc:1    | Killed an orc warlord
 18409 | Orc:1    | Identified the +4 hand axe of Uvvo {vorpal, *Rage rPois
                  | Str+2 Dex+4 Stlth+}
 18411 | Orc:1    | Identified the +1 buckler "Leefa" {rPois rC++ Int+3 Dex-3}
 18451 | Orc:1    | Noticed Harold
 18478 | Orc:1    | Killed Harold
 18546 | Orc:1    | Noticed an orc warlord
 18655 | Orc:1    | Killed an orc warlord
 19251 | Slime:1  | Entered Level 1 of the Pits of Slime
 19254 | Slime:1  | Noticed an acid blob
 19254 | Slime:1  | Gained mutation: Your magical capacity is low. (-10% MP) [a
                  | shining eye]
 19330 | Lair:6   | Demolished by an acid blob

Illustrated notes

Levels and vault maps discovered:
D:1:      lemuel_arrival_tunnels, layout_basic, ebering_ecumenical_altar_hall
D:2:      layout_basic, chequers_serial_rivers_micro_b, hex_medium,
          kennysheep_generic_room_10
D:3:      layout_loops_ring, cheibriados_altar_1, grunt_gozag_breadcrumbs,
          uniq_robin
D:4:      minmay_inner_zag, layout_rooms, nicolae_uskayaw_en_pointe,
          uniq_sigmund
D:5:      layout_layer_cave, zin_scriptorium, bh_walls_and_bars, uniq_eustachio
D:6:      layout_loops_ring, nicolae_kikubaaqudgha_miasma_corner,
          elyvilon_altar_4, temple_pool_b, minivault_14, amethyst_killhole,
          uniq_blork_the_orc
D:7:      layout_rooms, mainiacjoe_overflow_small_starburst, serial_shops,
          nicolae_shop_advertising_works [nicolae_subvault_shop_adworks],
          nicolae_sextant, uniq_joseph
D:8:      layout_rooms, led_sif_pool, uniq_erica, uniq_prince_ribbit1
D:9:      layout_roguey, nemelex_spade_bored_becter, okawaru_gym_becter,
          special_room [special_room_bee]
D:10:     layout_basic, lair_entry_dummy, serial_shops, nicolae_take_the_stairs,
          kennysheep_dice, uniq_maggie, uniq_snorg
D:11:     layout_rooms, orc_david_3, hellmonk_bongcloud_opening,
          eino_house_with_fridge
Temple:   minmay_temple_bridge_abc
Lair:1:   layout_roguey, minmay_holes, grunt_megastairs_2, lemuel_fruit_fields,
          uniq_gastronok
Lair:2:   layout_chaotic_city, gauntlet_entry_generic, uniq_sonja, uniq_fannar
Lair:3:   beast_lair_carwin_large_4, layout_gridlike, shoals_dummy_entry,
          basic_altar, grunt_megastairs_4
Lair:4:   layout_loops_ring, dummy_snake_entry, hangedman_tree_tricks,
          st_stairs_4
Lair:5:   layout_cave_pods, serial_forest, infiniplex_forest_zigzag_2,
          infiniplex_forest_end_3, infiniplex_forest_clump_double,
          infiniplex_forest_clump_curved, infiniplex_forest_clump_long,
          infiniplex_forest_clump_small, infiniplex_forest_join,
          lemuel_fruit_tree
Lair:6:   minmay_lair_end_frog_pond, layout_small_grid, slime_dummy
Snake:1:  layout_rooms, serial_shops, shop, uniq_aizul
Slime:1:  cheibrodos_slime_lost_civilization_10, layout_caves
Orc:1:    layout_caves, minmay_orc_treasury, uniq_harold

Skill      XL: |  1  2  3  4  5  6  7  8  9 10 11 12 13 14 |
---------------+-------------------------------------------+-----
Fighting       | 2 3 4 5 7 8 |  8.4
Dodging        | 2 3 4 5 6 7 8 9 |  9.5
Throwing       | 4 5 6 7 8 9 10 | 10.0
Unarmed Combat | 1 2 3 |  3.0
Short Blades   | 1 3 6 7 8 10 11 | 11.4
Stealth        | 2 3 4 |  4.0
Armour         | 5 8 10 | 10.5

Action                   |  1- 3 |  4- 6 |  7- 9 | 10-12 | 13-15 || total
-------------------------+-------+-------+-------+-------+-------++-------
Melee: Short sword       |    88 |       |       |       |       ||    88
       Punch             |     3 |     3 |     1 |       |       ||     7
       Unarmed           |    37 |   135 |    15 |       |       ||   187
       Pair of quick bla |       |       |   230 |   704 |  1144 ||  2078
Throw: Large rock        |     8 |    12 |     8 |    22 |     3 ||    53
       Throwing net      |     2 |       |     6 |     3 |       ||    11
Invok: Call Merchant     |       |       |       |     2 |     1 ||     3
Evoke: Wand              |       |       |       |       |     2 ||     2
  Use: Scroll            |       |     6 |     7 |     2 |    12 ||    27
       Potion            |       |       |       |     4 |       ||     4
 Stab: Sleeping          |     2 |       |       |     3 |     2 ||     7
       Distracted        |       |       |     1 |     9 |     5 ||    15
       Held in net/web   |       |       |     1 |     1 |       ||     2
Armor: Robe              |    46 |    30 |    87 |    36 |       ||   199
       Swamp dragon scal |       |       |       |   111 |   150 ||   261
       Skin              |       |       |       |     9 |       ||     9
       Fire dragon scale |       |       |       |       |    44 ||    44
Dodge: Dodged            |    86 |    72 |    91 |   161 |   263 ||   673
